Map: Doraelus Hills

Players

Xelvie

  • Race: Protoss Protoss

Arkimond

  • Race: Protoss Protoss
  • League: Platinum

XyOn

  • Race: Terran Terran
  • League: Diamond

JohnMcClane - Winner!

  • Race: Protoss Protoss
  • League: Silver

JackONeill - Winner!

  • Race: Zerg Zerg

Hindulaatti - Winner!

  • Race: Zerg Zerg
  • League: Diamond

VOD

Have the link to the VOD?

Description

Time

  • Played on: Jan. 18, 2016, 1:25 p.m.
  • Length: 11:00
Show
View Real Time Build Order
Export as new Build Order

Xelvie Protoss 

Build Orders:  

Get SALT Encoding   

  12  0:01  Probe (Chrono Boost)  
  13  0:12  Probe (Chrono Boost)  
  14  0:18  Pylon  
  14  0:22  Probe (Chrono Boost)  
  15  0:36  Probe (Chrono Boost)  
  16  0:43  Gateway  
  16  0:45  Assimilator  
  16  0:46  Probe (Chrono Boost)  
  17  0:57  Probe (Chrono Boost)  
  18  1:08  Probe (Chrono Boost)  
  19  1:18  Probe (Chrono Boost)  
  20  1:21  Pylon, Gateway  
  20  1:29  Probe (Chrono Boost)  
  21  1:36  Zealot  
  23  1:42  Probe (Chrono Boost)  
  23  1:43  Cybernetics Core  
  24  2:13  Assimilator  
  24  2:20  Adept x2  
  24  2:21  Mothership Core (Chrono Boost)  
  24  2:22  Warp Gate (Chrono Boost)  
  30  2:40  Probe  
  30  2:42  Nexus  
  31  2:50  Pylon  
  31  3:32  Stalker x2  
  31  3:33  Probe  
  36  3:41  Robotics Facility  
  36  3:45  Probe  
  36  3:46  Gateway  
  37  3:50  Twilight Council  
  33  4:11  Probe  
  33  4:12  Probe  
  35  4:21  Probe  
  36  4:24  Probe  
  37  4:32  Probe  
  37  4:36  Probe  
  35  4:59  Warp Prism (Chrono Boost)  
  35  5:04  Dark Shrine  
  37  5:08  Assimilator  
  37  5:10  Zealot x3  
  37  5:12  Assimilator  
  43  5:16  Pylon  
  43  5:26  Blink (Chrono Boost)  
  43  5:29  Probe x2  
  45  5:41  Probe x2, Nexus  
  47  5:42  Pylon  
  47  5:45  Pylon  
  47  5:52  Stalker  
  47  5:53  Probe  
  47  5:54  Stalker x2  
  47  5:57  Probe  
  55  6:05  Probe  
  56  6:22  Dark Templar x3  
  62  6:26  Immortal  
  60  6:46  Gateway  
  58  6:48  Gateway  
  58  6:50  Gateway  
  58  6:52  Gateway  
  54  6:57  Zealot x3  
  40  7:19  Pylon  
  40  7:20  Stalker x2  
  40  7:21  Pylon, Stalker  
  32  7:44  Stalker x2  
  32  7:45  Stalker  
  32  7:48  Probe x2  
  40  7:56  Zealot x4  
  48  8:00  Probe x2  
  42  8:09  Immortal  
  42  8:11  Zealot x3  
  42  8:12  Probe x2, Zealot  
  52  8:13  Zealot x3  
  62  8:20  Probe  
  62  8:24  Probe x2  
  65  8:31  Probe  
  62  8:36  Probe x2  
  62  8:39  Stalker x4  
  71  8:41  Probe  
  71  8:45  Immortal  
  72  8:48  Probe x2  
  72  8:52  Probe  
  72  8:53  Zealot x3  
  85  9:00  Probe  
  85  9:01  Probe  
  84  9:07  Zealot x2  
  84  9:08  Zealot x2  
  84  9:25  Pylon  
  84  9:28  Pylon  
  84  9:30  Pylon  
  80  9:31  Pylon  
  70  9:46  Probe x2  
  70  9:48  Zealot x4  
  54  10:13  Dark Templar  
  54  10:14  Dark Templar x3  
  58  10:18  Archon x2  
Show
View Real Time Build Order
Export as new Build Order

Arkimond Protoss 

Build Orders: Dark Templar Rush 

Get SALT Encoding   

  12  0:01  Probe (Chrono Boost)  
  13  0:11  Probe (Chrono Boost)  
  14  0:20  Pylon  
  14  0:23  Probe (Chrono Boost)  
  15  0:38  Probe (Chrono Boost)  
  15  0:39  Gateway  
  16  0:49  Probe (Chrono Boost)  
  17  0:59  Assimilator, Probe (Chrono Boost)  
  18  1:08  Pylon  
  18  1:09  Assimilator  
  18  1:10  Probe (Chrono Boost)  
  19  1:22  Pylon  
  19  1:30  Probe (Chrono Boost)  
  20  1:33  Cybernetics Core  
  20  1:41  Probe (Chrono Boost)  
  20  1:44  Pylon  
  21  1:51  Probe (Chrono Boost)  
  22  2:02  Probe (Chrono Boost)  
  22  2:13  Twilight Council  
  22  2:38  Probe (Chrono Boost)  
  22  2:42  Nexus  
  23  2:51  Dark Shrine  
  23  2:56  Gateway  
  23  2:59  Gateway  
  23  3:02  Probe (Chrono Boost)  
  24  4:05  Nexus  
  24  4:08  Cybernetics Core, Dark Templar x2  
  24  4:58  Pylon  
  24  5:20  Probe (Chrono Boost)  
  25  5:31  Probe (Chrono Boost)  
  24  5:44  Dark Templar  
  26  5:51  Gateway  
  26  5:56  Probe (Chrono Boost)  
  26  6:06  Probe (Chrono Boost)  
  18  6:18  Probe (Chrono Boost)  
  16  6:29  Probe (Chrono Boost)  
Show
View Real Time Build Order
Export as new Build Order

XyOn Terran 

Build Orders:  

Get SALT Encoding   

  12  0:01  SCV  
  13  0:13  SCV  
  14  0:17  Supply Depot  
  14  0:25  SCV  
  15  0:43  SCV  
  15  0:45  Barracks  
  15  0:49  Refinery  
  16  0:55  SCV  
  17  1:07  SCV  
  17  1:08  Barracks  
  18  1:19  SCV  
  18  1:24  Barracks  
  19  1:31  SCV  
  20  1:37  Refinery  
  20  1:38  Reaper  
  22  2:01  Reaper  
  22  2:10  Orbital Command  
  22  2:14  Reaper  
  23  2:34  Supply Depot  
  23  2:35  Supply Depot  
  23  2:55  Marine  
  24  3:23  Reaper  
  24  3:24  Reaper x2  
  24  3:34  SCV  
  24  3:38  Command Center  
  24  3:46  SCV  
  25  3:55  Reaper  
  25  3:56  Reaper x2  
  25  3:58  SCV  
  27  4:10  SCV  
  28  4:22  Supply Depot  
  28  4:25  Supply Depot  
  28  4:28  Reaper x3  
  31  5:00  Marine, Reaper x2  
  33  5:18  Reaper  
  36  5:50  Orbital Command  
  36  5:51  SCV  
  37  5:59  Barracks Reactor  
  37  6:01  Barracks Reactor  
  37  6:02  Barracks Tech Lab  
  37  6:03  SCV  
  33  6:26  Marine  
Show
View Real Time Build Order
Export as new Build Order

JohnMcClane Protoss - Winner!

Build Orders: Cannon Rush 

Get SALT Encoding   

  12  0:01  Probe (Chrono Boost)  
  13  0:15  Pylon  
  13  0:18  Probe (Chrono Boost)  
  14  0:34  Forge  
  14  0:39  Probe (Chrono Boost)  
  15  0:49  Pylon  
  15  1:10  Photon Cannon  
  15  1:18  Pylon  
  15  1:31  Pylon  
  15  1:38  Photon Cannon  
  15  1:39  Photon Cannon  
  14  1:57  Pylon  
  14  2:00  Probe (Chrono Boost)  
  14  2:09  Pylon  
  14  2:11  Probe (Chrono Boost)  
  15  2:17  Assimilator  
  15  2:21  Probe (Chrono Boost)  
  16  2:24  Gateway  
  16  2:32  Probe (Chrono Boost)  
  17  2:43  Probe (Chrono Boost)  
  18  2:53  Probe (Chrono Boost)  
  19  3:04  Probe (Chrono Boost)  
  20  3:13  Cybernetics Core  
  20  3:14  Probe (Chrono Boost)  
  20  3:16  Assimilator  
  21  3:25  Probe (Chrono Boost)  
  22  3:35  Probe (Chrono Boost)  
  23  3:43  Nexus  
  23  3:51  Pylon  
  23  3:53  Warp Gate  
  23  3:54  Mothership Core (Chrono Boost)  
  25  4:13  Pylon  
  25  4:19  Stargate  
  25  4:21  Probe (Chrono Boost)  
  25  4:22  Pylon  
  26  4:32  Probe (Chrono Boost)  
  27  4:39  Gateway  
  27  4:46  Gateway  
  27  4:47  Probe (Chrono Boost)  
  28  4:57  Photon Cannon  
  28  5:00  Probe (Chrono Boost)  
  29  5:11  Oracle (Chrono Boost), Photon Cannon  
  32  5:20  Photon Cannon  
  32  5:32  Pylon  
  32  5:33  Pylon  
  36  5:50  Oracle (Chrono Boost)  
  36  5:56  Probe  
  35  5:57  Probe  
  37  6:07  Probe  
  37  6:10  Probe  
  39  6:17  Probe  
  39  6:22  Probe  
  41  6:28  Probe  
  42  6:34  Probe  
  42  6:35  Oracle (Chrono Boost), Photon Cannon  
  42  6:38  Probe  
  46  6:46  Probe  
  48  6:53  Pylon  
  48  6:55  Assimilator  
  48  7:01  Probe  
  48  7:02  Probe  
  48  7:04  Stalker x3  
  48  7:06  Oracle (Chrono Boost)  
  59  7:43  Probe  
  59  7:44  Probe  
  61  7:53  Probe  
  61  7:56  Probe  
  63  8:02  Oracle (Chrono Boost)  
  63  8:03  Stalker x2  
  63  8:04  Probe, Stalker  
  72  8:08  Probe  
  72  8:09  Nexus  
  72  8:10  Pylon  
  74  8:12  Robotics Facility, Pylon  
  74  8:14  Robotics Facility  
  74  8:15  Assimilator  
  74  8:16  Gateway  
  74  8:19  Pylon  
  74  8:20  Assimilator  
  74  8:22  Pylon  
  71  8:44  Photon Cannon  
  71  8:46  Photon Cannon  
  71  8:48  Gateway  
  71  8:49  Oracle (Chrono Boost)  
  71  8:50  Gateway  
  71  8:53  Stalker x3  
  80  9:00  Warp Prism  
  80  9:01  Observer  
  83  9:22  Stalker x3  
  83  9:23  Stalker  
  91  9:27  Probe  
  91  9:29  Probe  
  93  9:42  Warp Prism  
  93  9:43  Observer  
  96  10:01  Stalker x6  
  96  10:04  Observer  
  109  10:10  Pylon  
  109  10:11  Pylon  
  109  10:18  Warp Prism  
  111  10:24  Zealot x2  
  111  10:25  Zealot x4  
  123  10:32  Pylon  
  123  10:43  Pylon  
  122  10:57  Stalker x5  
Show
View Real Time Build Order
Export as new Build Order

JackONeill Zerg - Winner!

Build Orders: 3 Hatch before Pool 

Get SALT Encoding   

  12  0:01  Drone  
  13  0:08  Drone  
  14  0:16  Overlord  
  14  0:23  Drone, Extractor  
  15  0:36  Drone x2  
  17  0:51  Hatchery  
  17  0:54  Drone  
  17  1:15  Hatchery  
  16  1:28  Spawning Pool  
  16  1:31  Drone  
  16  1:35  Drone  
  16  1:38  Drone  
  18  1:44  Drone  
  19  1:54  Drone  
  20  2:07  Drone  
  20  2:08  Drone  
  22  2:14  Queen  
  24  2:16  Queen  
  24  2:18  Overlord  
  24  2:22  Drone  
  27  2:28  Queen  
  29  2:32  Drone  
  29  2:36  Drone x2  
  32  2:42  Drone  
  32  2:43  Drone x2  
  35  2:48  Extractor  
  35  2:49  Drone, Extractor  
  34  2:55  Zergling x4  
  36  3:01  Overlord  
  36  3:16  Drone x5  
  41  3:22  Overlord x2  
  41  3:28  Drone  
  41  3:29  Drone x3  
  45  3:36  Extractor  
  45  3:38  Metabolic Boost  
  45  3:40  Zergling x8  
  48  3:47  Overlord  
  48  3:51  Drone x3  
  48  3:55  Lair  
  51  4:06  Drone x4  
  55  4:11  Drone x4  
  55  4:12  Drone x2  
  61  4:22  Zergling x2  
  61  4:23  Zergling x10  
  64  4:40  Zergling x4  
  66  4:46  Zergling x10  
  66  4:47  Zergling x8  
  66  4:50  Overlord  
  66  4:51  Overlord  
  72  4:53  Extractor  
  72  4:54  Extractor  
  70  5:00  Baneling Nest  
  70  5:04  Infestation Pit, Overseer  
  70  5:07  Spore Crawler  
  67  5:10  Spore Crawler  
  67  5:11  Overseer  
  67  5:12  Spine Crawler  
  65  5:14  Overseer  
  65  5:15  Drone x3  
  65  5:17  Spore Crawler  
  65  5:19  Spine Crawler  
  66  5:21  Zergling x4  
  66  5:22  Zergling x8  
  71  5:32  Zergling x8  
  73  5:38  Zergling x2  
  73  5:39  Zergling x6  
  77  5:43  Hive  
  77  5:47  Extractor  
  76  6:03  Zergling x4  
  76  6:04  Zergling x12  
  80  6:06  Overlord  
  84  6:14  Baneling x3  
  84  6:15  Baneling x5  
  84  6:16  Baneling x6  
  84  6:17  Baneling x4  
  84  6:18  Baneling x5  
  84  6:19  Baneling  
  74  6:47  Overseer  
  65  7:18  Ultralisk Cavern  
  65  7:19  Drone x2  
  65  7:20  Drone x3, Evolution Chamber  
  65  7:22  Evolution Chamber  
  67  7:34  Drone x3  
  67  7:35  Drone x3  
  67  7:36  Drone x3  
  76  7:39  Drone  
  77  7:54  Overlord x2  
  77  7:55  Overlord x4  
  77  8:15  Chitinous Plating  
  77  8:18  Zerg Melee Weapons Level 1  
  77  8:20  Zerg Ground Armor Level 1  
  65  9:33  Ultralisk x4  
  65  9:34  Ultralisk x6  
  65  9:35  Ultralisk  
  130  9:39  Overlord x3  
  126  10:02  Ultralisk x2  
  137  10:20  Ultralisk x2  
  149  10:21  Overlord  
  149  10:22  Overlord  
  149  10:23  Overseer  
Show
View Real Time Build Order
Export as new Build Order

Hindulaatti Zerg - Winner!

Build Orders: Hatch First 

Get SALT Encoding   

  12  0:01  Drone  
  13  0:10  Drone  
  14  0:24  Overlord  
  14  0:28  Extractor  
  14  0:29  Drone  
  15  0:45  Drone  
  16  0:50  Hatchery  
  16  0:55  Drone  
  16  0:57  Drone  
  16  1:00  Drone  
  18  1:08  Drone  
  19  1:18  Spawning Pool  
  19  1:23  Drone  
  19  1:31  Extractor  
  18  1:41  Drone x2  
  20  1:56  Drone  
  21  2:02  Drone x2  
  21  2:07  Queen  
  21  2:08  Queen  
  27  2:11  Overlord  
  27  2:18  Drone  
  28  2:32  Zergling x4  
  28  2:34  Drone x2  
  32  2:37  Extractor  
  32  2:38  Extractor  
  32  2:42  Extractor  
  29  2:48  Lair  
  29  3:02  Drone  
  29  3:03  Drone x3  
  33  3:17  Drone x3  
  33  3:18  Overlord x2  
  33  3:19  Overlord  
  36  3:28  Metabolic Boost  
  36  3:31  Overlord  
  36  3:46  Zergling x2  
  36  3:47  Zergling x16  
  45  3:50  Zergling x2  
  46  3:59  Infestation Pit  
  45  4:24  Zergling x2  
  45  4:25  Zergling x20  
  45  4:27  Zergling x2  
  52  4:50  Zergling x8  
  53  4:58  Zergling x2  
  53  4:59  Zergling x10  
  57  5:03  Overseer  
  57  5:04  Overseer  
  57  5:06  Overseer  
  52  5:14  Hive  
  51  5:42  Drone  
  51  5:43  Drone x5  
  51  5:45  Drone x3  
  51  5:46  Drone, Zergling x2  
  51  5:47  Zergling x2  
  62  5:55  Evolution Chamber  
  61  5:57  Evolution Chamber  
  60  6:07  Zergling x6  
  62  6:25  Zergling x14  
  52  6:36  Zergling x2  
  52  6:37  Zergling x2  
  46  6:43  Overseer  
  44  6:51  Zergling x4  
  44  6:53  Queen  
  47  6:54  Queen  
  43  7:11  Overseer  
  43  7:16  Drone  
  43  7:17  Drone x4  
  43  7:19  Zerg Ground Armor Level 1, Zerg Melee Weapons Level 1  
  48  7:42  Adrenal Glands  
  48  7:43  Drone x2  
  48  7:44  Drone x4  
  54  8:04  Spore Crawler  
  53  8:16  Zergling x2  
  53  8:17  Zergling x10  
  53  8:19  Overlord x2  
  59  8:51  Zergling x2  
  59  8:52  Zergling x16  
  59  8:53  Overlord  
  59  8:54  Overlord  
  68  9:12  Zergling x12  
  74  9:22  Zergling x8  
  74  9:23  Zergling x2  
  73  9:34  Hatchery  
  73  9:37  Hatchery  
  66  9:40  Hatchery  
  66  9:41  Zergling x4  
  66  9:42  Zergling x6  
  66  9:44  Zergling x2  
  56  10:01  Zergling x4  
  56  10:02  Zergling x6  
  54  10:22  Zergling x16  
  59  10:38  Overlord x2  
  59  10:40  Zergling x2  
  59  10:41  Zergling x2  
Tags
 
Add a new tag
Caveats
  • Supply blocks, unpowered buildings, or Contaminate may cause inaccurate times.
  • Supply counts are checked every 10 seconds.